 Dungeon Crawl Stone Soup version 0.25.1-2-g60ff931df9 (webtiles) character file.

Game seed: 12449591323981291114

6820 lorenzova the Thaumaturge (level 10, -5/50 HPs)
             Began as a Deep Elf Conjurer on Oct 13, 2020.
             Was a Believer of Vehumet.
             Slain by a scorpion (8 damage)
             ... on level 8 of the Dungeon.
             The game lasted 00:16:46 (9568 turns).

lorenzova the Thaumaturge (Deep Elf Conjurer)       Turns: 9568, Time: 00:16:47

Health: -5/50      AC: 10    Str:  7    XL:     10   Next: 77%
Magic:  2/27       EV: 10    Int: 24    God:    Vehumet [**....]
Gold:   141        SH:  0    Dex: 15    Spells: 18/32 levels left

rFire    x . .     SeeInvis .   p - +0 hand axe
rCold    + . .     Gourm    .   (no shield)
rNeg     + . .     Faith    .   v - +5 ring mail "Xonligoos" {+Inv Str+2}
rPois    .         Spirit   .   (no helmet)
rElec    .         Reflect  .   (no cloak)
rCorr    .         Harm     .   (no gloves)
MR       +....                  (no boots)
Stlth    +.........             (no amulet)
HPRegen  0.16/turn              e - ring of ice
MPRegen  0.20/turn              f - ring of positive energy

@: marked
A: no striking features
a: Renounce Religion, Evoke Invisibility


You were on level 8 of the Dungeon.
You worshipped Vehumet.
Vehumet was pleased with you.
You were not hungry.

You visited 2 branches of the dungeon, and saw 9 of its levels.
You also visited: Sewer.

You collected 498 gold pieces.
You spent 357 gold pieces at shops.

Inventory:

Hand Weapons
 p - a +0 hand axe (weapon)
Armour
 a - a +0 robe
 v - the +5 ring mail "Xonligoos" (worn) {+Inv Str+2}
   (You found it on level 6 of the Dungeon)

   It affects your strength (+2).
   It lets you turn invisible.
Jewellery
 e - a ring of ice (left hand)
 f - a ring of positive energy (right hand)
 u - an uncursed amulet of the acrobat
Wands
 d - a wand of flame (49)
 A - a wand of disintegration (16)
Scrolls
 b - 4 scrolls of remove curse
 h - 3 scrolls of teleportation
 n - 2 scrolls of enchant armour
 o - 3 scrolls of fog
 q - 3 scrolls of immolation
 x - a scroll of magic mapping
 y - a scroll of vulnerability
Potions
 g - 3 potions of flight
 i - 4 potions of curing
 j - a potion of ambrosia
 k - 2 potions of heal wounds
 l - 2 potions of brilliance
 m - a potion of haste
 r - a potion of might
 s - a potion of resistance
 t - a potion of invisibility
 w - 2 potions of lignification
 z - a potion of stabbing
Comestibles
 c - 10 rations


   Skills:
 - Level 2.4 Dodging
 - Level 2.4 Stealth
 * Level 11.8 Spellcasting
 * Level 10.8 Conjurations
 + Level 5.3 Hexes
 + Level 4.4 Translocations
 * Level 9.5 Fire Magic


You had 18 spell levels left.
You knew the following spells:

 Your Spells              Type           Power        Failure   Level  Hunger
a - Magic Dart            Conj           ####         1%          1    None
b - Searing Ray           Conj           ######       1%          2    None
c - Iskenderun's Mystic   Conj/Tloc      ######..     7%          4    None
d - Fulminant Prism       Conj/Hex       ######....   5%          4    None
x - Conjure Flame         Conj/Fire      ######..     1%          3    None

Your spell library contained the following spells:

 Spells                   Type           Power        Failure   Level  Hunger
 Sandblast                Erth           ##....       16%         1    None
 Dazzling Flash           Conj/Hex       ######       1%          3    None
 Slow                     Hex            #####...     2%          2    None
 Blink                    Tloc           N/A          3%          2    None
 Confusing Touch          Hex            #####...     5%          3    None
 Gell's Gravitas          Tloc           #####.....   8%          3    None
 Mephitic Cloud           Conj/Pois/Air  ####....     11%         3    None
 Call Imp                 Summ           ##......     24%         2    None
 Metabolic Englaciation   Hex/Ice        #####.....   82%         5    ###....
 Yara's Violent Unravell  Hex/Tmut       ####......   82%         5    ###....
 Petrify                  Tmut/Erth      ##......     83%         4    None


Dungeon Overview and Level Annotations

Branches:
Dungeon (8/15)             Temple (1/1) D:6           Sewer (visited)
   Lair: D:8-11

Altars:
Ashenzari
Hepliaklqana
Nemelex Xobeh
Sif Muna
Trog
Vehumet
Wu Jian
Xom

Shops:
D:5 }   D:6 ?   D:8 [


Message History

Vehumet accepts your kill.
You feel your power returning.
The searing ray hits the orc warrior but does no damage.
The orc warrior is moderately wounded.
The scorpion stings you but does no damage.
The orc warrior hits you from afar with a +0 halberd!
* * * LOW HITPOINT WARNING * * *
The orc priest calls upon Beogh to heal the orc warrior.
The orc warrior is healed somewhat.
The searing ray misses the orc warrior.
The searing ray hits the orc!
You kill the orc!
Vehumet accepts your kill.
You feel your power returning. The scorpion closely misses you.
The orc warrior barely misses you.
The searing ray hits the orc warrior.
The orc warrior is moderately wounded.
The searing ray hits the orc priest!
The orc priest is severely wounded.
You finish channeling your searing ray.
The scorpion stings you!
You die...

#.#######............#
#.#
#..........###.#####.#
##########.# #.# #.#
#.# #.# #.### #.#
#..o# #.# ###o# #.#
#†# #.# #@# #
.#####s###..#
#...y........#
................
.######.###...∩. #.#
###. #.# #.# #.#


You could see an orc warrior, a scorpion and an orc priest.

Vanquished Creatures
  Harold (D:8)
  A queen bee (D:8)
  A hippogriff (D:7)
  A basilisk (D:8)
  6 yaks (D:8)
  A water moccasin (D:7)
  2 porcupines (D:8)
  A sky beast (D:6)
  A hornet zombie (D:6)
  A phantom (D:8)
  An orc warrior (D:8)
  2 ice beasts
  3 black bears
  4 centaurs
  A wolf (D:8)
  5 ogres
  4 crocodiles (D:8)
  A big kobold (Sewer)
  A bullfrog (D:6)
  A scorpion (D:8)
  20 killer bees
  3 howler monkeys
  2 crimson imps (D:7)
  A bullfrog zombie (D:5)
  3 bullfrog skeletons
  5 orc priests
  A jelly (D:7)
  8 orc wizards
  2 centaur skeletons
  3 hounds
  Natasha (thrice) (D:2)
  2 iguanas
  3 worker ants
  A hound zombie (D:5)
  A hound skeleton (D:4)
  A worker ant zombie (D:6)
  6 gnolls
  11 adders
  6 river rats
  A shadow imp (D:6)
  An adder skeleton (D:5)
  An adder zombie (D:8)
  3 worms
  2 dart slugs (D:2)
  2 leopard geckos
  29 orcs
  5 giant cockroaches
  6 goblins
  4 hobgoblins (D:2)
  9 jackals
  7 kobolds
  6 quokkas
  3 ball pythons
  3 bats
  7 frilled lizards
  9 rats
219 creatures vanquished.

Vanquished Creatures (others)
  6 fungi (D:8)
  10 plants (D:8)
16 creatures vanquished.

Grand Total: 235 creatures vanquished

Notes
Turn   | Place    | Note
-------+----------+-------------------------------------------
     0 | D:1      | lorenzova the Deep Elf Conjurer began the quest for the
                  | Orb.
     0 | D:1      | Reached XP level 1. HP: 10/10 MP: 6/6
   382 | D:1      | Reached XP level 2. HP: 15/15 MP: 5/8
   899 | D:2      | Reached skill level 4 in Spellcasting
   957 | D:2      | Reached skill level 5 in Conjurations
   957 | D:2      | Reached XP level 3. HP: 16/19 MP: 5/10
  1024 | D:2      | Learned a level 2 spell: Searing Ray
  1028 | D:2      | Learned a level 3 spell: Conjure Flame
  1509 | D:2      | Reached XP level 4. HP: 24/24 MP: 10/12
  1542 | D:2      | Reached skill level 1 in Fire Magic
  1802 | D:2      | Noticed Natasha
  1807 | D:2      | Killed Natasha
  1979 | D:2      | Noticed Natasha
  1983 | D:2      | Killed Natasha
  1983 | D:2      | Reached skill level 5 in Spellcasting
  2234 | D:2      | Noticed Natasha
  2240 | D:2      | Killed Natasha
  2240 | D:2      | Reached XP level 5. HP: 19/28 MP: 7/14
  2813 | D:3      | Found a glowing drain.
  2853 | Sewer    | Entered a sewer
  3129 | Sewer    | Reached XP level 6. HP: 32/32 MP: 6/16
  3253 | Sewer    | Found a glowing silver altar of Zin.
  3519 | D:4      | Reached skill level 6 in Spellcasting
  4449 | D:4      | Reached XP level 7. HP: 36/36 MP: 9/18
  4744 | D:5      | Entered Level 5 of the Dungeon
  5028 | D:5      | Found Ymyrooz's Gadget Boutique.
  5196 | D:5      | Reached skill level 7 in Spellcasting
  5566 | D:5      | Reached skill level 5 in Fire Magic
  5655 | D:5      | Reached XP level 8. HP: 33/41 MP: 16/21
  5838 | D:5      | Reached skill level 8 in Spellcasting
  6064 | D:5      | Found a hazy altar of Hepliaklqana.
  6430 | D:6      | Reached skill level 9 in Spellcasting
  6653 | D:6      | Learned a level 4 spell: Iskenderun's Mystic Blast
  6658 | D:6      | Learned a level 4 spell: Fulminant Prism
  6692 | D:6      | Got a jewelled ring mail
  6772 | D:6      | Identified the +5 ring mail "Xonligoos" {+Inv Str+2} (You
                  | found it on level 6 of the Dungeon)
  6814 | D:6      | Found a staircase to the Ecumenical Temple.
  6836 | Temple   | Entered the Ecumenical Temple
  6848 | Temple   | Became a worshipper of Vehumet
  6925 | D:6      | Found Hibi Epe's Magic Scroll Shop.
  6934 | D:6      | Bought a scroll of identify for 28 gold pieces
  6934 | D:6      | Bought a scroll of teleportation for 42 gold pieces
  6934 | D:6      | Bought a scroll of identify for 28 gold pieces
  6934 | D:6      | Bought a scroll of identify for 28 gold pieces
  6934 | D:6      | Bought a scroll of identify for 28 gold pieces
  6934 | D:6      | Bought a scroll of magic mapping for 49 gold pieces
  6934 | D:6      | Bought 2 scrolls of identify for 56 gold pieces
  6934 | D:6      | Bought a scroll of teleportation for 42 gold pieces
  6934 | D:6      | Bought a scroll of identify for 28 gold pieces
  6934 | D:6      | Bought a scroll of fog for 28 gold pieces
  6972 | D:6      | Reached skill level 1 in Hexes
  7143 | D:6      | Reached skill level 1 in Translocations
  7143 | D:6      | Reached XP level 9. HP: 45/45 MP: 18/24
  7805 | D:7      | Reached skill level 10 in Spellcasting
  8210 | D:7      | Reached * piety under Vehumet
  8210 | D:7      | Offered knowledge of Foxfire by Vehumet.
  8306 | D:7      | Found an ornate altar of the Wu Jian Council.
  8950 | D:8      | Reached XP level 10. HP: 50/50 MP: 11/26
  9076 | D:8      | Noticed Harold
  9106 | D:8      | Reached skill level 10 in Conjurations
  9214 | D:8      | Reached skill level 11 in Spellcasting
  9215 | D:8      | Offered knowledge of Sandblast by Vehumet.
  9218 | D:8      | Reached ** piety under Vehumet
  9530 | D:8      | Killed Harold
  9530 | D:8      | Reached skill level 5 in Hexes
  9536 | D:8      | Found Ukha's Armour Emporium.
  9566 | D:8      | HP: 2/50 [orc warrior/+0 halberd (14)]
  9568 | D:8      | Slain by a scorpion

Illustrated notes

Levels and vault maps discovered:
D:1:      evilmike_arrival_rings, layout_loops_ring, palyth_stone_intersect
D:2:      minmay_chambers_of_twos, layout_basic, uniq_natasha
D:3:      layout_rooms, first_ration, portal_sewer_entry_e
D:4:      layout_basic
D:5:      layout_basic, basic_altar, serial_shops, nicolae_shop_crystal
D:6:      layout_basic, minmay_temple_entry_stoned_glass, serial_shops, shop
D:7:      layout_rooms, basic_altar
D:8:      layout_loops_ring, lemuel_doored_altar, minmay_lair_entry_grove,
          serial_shops, shop, david_nohive_1, uniq_harold
Temple:   compressed_dpeg_circular_temple

Skill      XL: |  1  2  3  4  5  6  7  8  9 10 |
---------------+-------------------------------+-----
Spellcasting   | 4 5 6 7 9 10 11 | 11.8
Conjurations   | 5 6 7 8 9 10 | 10.8
Fire Magic     | 2 3 5 6 8 9 |  9.5
Hexes          | 1 3 5 |  5.3
Translocations | 1 3 4 |  4.4
Dodging        | |  2.4
Stealth        | |  2.4

Action                   |  1- 3 |  4- 6 |  7- 9 | 10-12 || total
-------------------------+-------+-------+-------+-------++-------
Melee: Unarmed           |       |     2 |       |       ||     2
       Hand axe          |       |       |       |     5 ||     5
 Cast: Magic Dart        |    60 |   126 |   145 |    27 ||   358
       Searing Ray       |     1 |    10 |    66 |    27 ||   104
  Use: Scroll            |       |     6 |    12 |     1 ||    19
       Potion            |       |     1 |       |     2 ||     3
  Eat: Chunk             |     2 |     8 |    14 |     2 ||    26
Armor: Robe              |     1 |     4 |     1 |       ||     6
       Ring mail         |       |       |    20 |    17 ||    37
Dodge: Dodged            |     2 |    21 |    27 |    28 ||    78
